 Dungeon Crawl Stone Soup version 0.21.1-1-g345015fe64 (webtiles) character file.

58 KleinerIrrer the Chopper (level 4, 0/28 HPs)
             Began as a Gargoyle Fighter on Apr 4, 2018.
             Slain by Sigmund
             ... wielding a +0 scythe
              (4 damage)
             ... on level 2 of the Dungeon.
             The game lasted 00:00:18 (1395 turns).

KleinerIrrer the Chopper (Gargoyle Fighter)         Turns: 1395, Time: 00:00:19

Health: 0/28       AC: 10    Str: 21    XL:     4   Next: 1%
Magic:  4/4        EV:  7    Int:  8    God:
Gold:   73         SH:  0    Dex:  9    Spells: 3/3 levels left

rFire    . . .     SeeInvis .   Y - +0 war axe
rCold    . . .     Gourm    .   c - +0 shield
rNeg     + . .     Faith    .   b - +0 scale mail
rPois    ∞         Spirit   .   (no helmet)
rElec    +         Reflect  .   (no cloak)
rCorr    .         Harm     .   (no gloves)
MR       .....                  (no boots)
Stlth    ..........             (no amulet)
HPRegen  0.09/turn              (no ring)
MPRegen  0.09/turn              (no ring)

@: confused
A: negative energy resistance 1, electricity resistance, unbreathing,
petrification resistance, rot immunity, AC +3
a: no special abilities


You were on level 2 of the Dungeon.
You were not hungry.

You visited 1 branch of the dungeon, and saw 2 of its levels.

You collected 73 gold pieces.


Innate Abilities, Weirdness & Mutations

You are resistant to torment.
Your stone body is resilient. (AC +3)
You are immune to poison.
You resist negative energy. (rN+)
You are resistant to electric shocks. (rElec)
You can survive without breathing.
You are immune to petrification.
You are immune to rotting.


   Skills:
 - Level 3.2 Fighting
 + Level 3.8 Axes
 - Level 3.2 Armour
 - Level 3.2 Shields


You had 3 spell levels left.
You didn't know any spells.

Inventory:

Hand Weapons
 e - a +0 whip
 g - a +0 mace of crushing
 h - a cursed -1 mace
 Y - a +0 war axe (weapon)
Armour
 b - a +0 scale mail (worn)
 c - a +0 shield (worn)
Jewellery
 j - an uncursed ring of magical power {unknown}
Potions
 d - a potion of might
 i - a potion of lignification {unknown}
 k - a potion of curing {unknown}
 l - a potion of berserk rage {unknown}
 o - a potion of resistance {unknown}
 p - a potion of cancellation {unknown}
Comestibles
 a - a chunk of flesh
 f - a ration

Dungeon Overview and Level Annotations

Branches:
Dungeon (2/15)

Altars:

Annotations:
D:2 1 runed door, Sigmund


Message History

You hit Sigmund but do no damage.
Sigmund is heavily wounded.
You block Sigmund's attack.
You closely miss Sigmund.
Sigmund is heavily wounded.
Sigmund gestures wildly while chanting.
Sigmund flickers and vanishes!
Deactivating autopickup; reactivate with Ctrl-A.
Your shield and scale mail prevent you from hitting something.
Something completely misses you.
Your shield and scale mail prevent you from hitting something.
Something hits you.
You slash something! Something hits you.
Your shield and scale mail prevent you from hitting something.
You hear some strange, mumbled words.
You are confused.
You're too confused to attack without stumbling around!
Something hits you.
You die...

#.##
##.....#.######..
#.#
##...##.(.......
#.#
####'###########.
#. #....# #.
#.##.# #. #.##.##
#. #.#...### #.
...#####........
..
......{@.....###
## ...#####.##.##
#.# .# #.. # ####


There were no monsters in sight!

Vanquished Creatures
  2 adders (D:2)
  4 dart slugs (D:1)
  A leopard gecko (D:1)
  5 bats (D:1)
  3 goblins (D:1)
  3 hobgoblins
  5 frilled lizards
  6 kobolds (D:1)
  5 rats
34 creatures vanquished.

Notes
Turn   | Place    | Note
-------+----------+-------------------------------------------
     0 | D:1      | KleinerIrrer the Gargoyle Fighter began the quest for the Orb.
     0 | D:1      | Reached XP level 1. HP: 14/14 MP: 1/1
     0 | D:1      | 0 ||| counter = 14
   191 | D:1      | Reached XP level 2. HP: 19/19 MP: 2/2
   544 | D:1      | Reached skill level 3 in Axes
   583 | D:1      | Reached XP level 3. HP: 21/23 MP: 3/3
  1063 | D:1      | 1063 ||| READING scroll labeled ESKELO POROD.
  1064 | D:1      | 1064 ||| READING scroll labeled OSATSAFIHI.
  1065 | D:1      | 1065 ||| READING scroll labeled CISYEQIUKH.
  1286 | D:2      | Reached XP level 4. HP: 28/28 MP: 4/4
  1302 | D:2      | Found a runed door.
  1368 | D:2      | Noticed Sigmund
  1386 | D:2      | HP: 7/28 [Sigmund/magic dart (8)]
  1392 | D:2      | HP: 7/28 [something (1)]
  1395 | D:2      | Slain by Sigmund

Vault maps used:
D:1:      roderic_chinese_lattice_arrival
D:2:      first_ration, uniq_crazy_yiuf_cottage, uniq_sigmund, uniq_terence

Skill      XL: |  1  2 |
---------------+-------+-----
Axes           | 2 3 |  3.8
Fighting       | |  3.2
Armour         | |  3.2
Shields        | |  3.2

Action                   |  1- 3 |  4- 6 || total
-------------------------+-------+-------++-------
Melee: War axe           |   115 |    13 ||   128
  Use: Scroll            |     3 |       ||     3
  Eat: Chunk             |     1 |     1 ||     2
Armor: Scale mail        |    61 |     3 ||    64
Dodge: Dodged            |    33 |     6 ||    39
Block: Shield            |    51 |     2 ||    53

Table legend:
 A = Spawn XP
 B = Non-spawn XP
 C = Spawn XP percentage of total XP
 D = Spawn monster count
 E = Non-spawn monster count
 F = Spawn count percentage of total count
 G = Total turns spent on level
                    A         B        C        D         E        F      G
               +---------+---------+-------+---------+---------+-------+---------
         Total |       0 |      83 |   0.0 |       0 |      34 |   0.0 |  1395
               +---------+---------+-------+---------+---------+-------+---------
           D:1 |       0 |      52 |   0.0 |       0 |      28 |   0.0 |  1086
           D:2 |       0 |      31 |   0.0 |       0 |       6 |   0.0 |   309
               +---------+---------+-------+---------+---------+-------+---------
